 Dungeon Sprint DCSS version 0.27.1-34-g3ba077fa99 (webtiles) character file.

Game seed: 18360738014175338815

17411 Karpo the Ninja (level 12, -1/47 (51) HPs)
             Began as a Spriggan Enchanter on Feb 14, 2022.
             Was the Champion of Sif Muna.
             Killed from afar by a shadow dragon (16 damage)
             ... with a bolt of negative energy
             ... in the Dungeon (Sprint I: "Red Sonja").
             The game lasted 00:57:32 (5654 turns).

Karpo the Ninja (Spriggan Enchanter)                Turns: 5654, Time: 00:57:33

HP:   -1/47 (51)    AC:  2    Str:  4    XL:     12   Next: 18%
MP:   26/28         EV: 21    Int: 29    God:    Sif Muna [******]
Gold: 2183          SH:  0    Dex: 15    Spells: 4/33 levels left

rFire    . . .     SeeInvis +   a - +1 dagger
rCold    + . .     Faith    .   (shield restricted)
rNeg     + . .     Spirit   .   b - +0 robe
rPois    +         Reflect  .   (helmet restricted)
rElec    .         Harm     .   (no cloak)
rCorr    .         Rampage  .   (gloves unavailable)
Will     ++...     NoTele   +   (boots unavailable)
Stlth    +++++++++.             (no amulet)
HPRegen  0.15/turn              s - ring "Xiferchuh" {rPois rN+ Int+7}
MPRegen  0.21/turn              r - ring "Roatidgho" {+Blink Fly rC+}

@: confusing by touch, flying, drained, very quick
A: very small, no large weapons, unfitting armour, see invisible, speed 3
a: Renounce Religion, Evoke Blink, Channel Magic, Forget Spell, Divine Exegesis


You were in the Dungeon.
You worshipped Sif Muna.
Sif Muna was exalted by your worship.
You visited 1 branch You collected 3741 gold pieces.
You spent 1558 gold pieces at shops.

Inventory:

Hand Weapons
 a - a +1 dagger (weapon)
 j - a +0 short sword of draining
 o - a +3 falchion of freezing
 u - a +0 short sword of draining
 x - a +2 vorpal quarterstaff
Missiles
 k - 2 curare-tipped darts
Armour
 b - a +0 robe (worn)
 n - the +4 moon troll leather armour {Spirit, Regen++ MP+5}
   (You found it in the Dungeon)

   MP:        It affects your magic capacity (+5).
   Regen:     It increases your rate of health regeneration.
Magical Staves
 t - a staff of cold
 w - a staff of death
Jewellery
 m - a ring of protection from cold
 r - the ring "Roatidgho" (right hand) {+Blink Fly rC+}
   (You bought it in a shop in the Dungeon)

   [ring of flight]

   rC:        It protects you from cold.
   Fly:       It grants you flight.
   +Blink:    It lets you blink.
 s - the ring "Xiferchuh" (left hand) {rPois rN+ Int+7}
   (You bought it in a shop in the Dungeon)

   [ring of poison resistance]

   Int:       It affects your intelligence (+7).
   rPois:     It protects you from poison.
   rN:        It protects you from negative energy.
 v - an amulet of guardian spirit
Scrolls
 i - 3 scrolls of amnesia {unknown}
 l - 3 scrolls of identify {unknown}
 q - a scroll of holy word
Potions
 c - 4 potions of curing
 d - a potion of heal wounds
 e - a potion of haste
 f - 2 potions of magic
 g - a potion of flight {unknown}
Miscellaneous
 p - a phial of floods
 y - a box of beasts


   Skills:
 - Level 13.0 Short Blades
 - Level 8.0 Dodging
 O Level 27 Stealth
 - Level 11.1 Spellcasting
 + Level 9.8 Conjurations
 + Level 15.9 Hexes


You had 4 spell levels left.
You knew the following spells:

 Your Spells              Type           Power      Damage    Failure   Level
a - Corona                Hex            92%        N/A       0%          1
b - Ensorcelled Hibernat  Hex/Ice        100%       N/A       1%          2
c - Confusing Touch       Hex            83%        N/A       0%          3
d - Dazzling Flash        Conj/Hex       100%       N/A       1%          3
e - Tukima's Dance        Hex            83%        N/A       0%          3
f - Invisibility          Hex            41%        N/A       1%          6
g - Stone Arrow           Conj/Erth      88%        3d12      1%          3
h - Cause Fear            Hex            41%        N/A       1%          4
i - Fulminant Prism       Conj/Hex       37%        3d18      1%          4

Your spell library contained the following spells:

 Spells                   Type           Power      Damage    Failure   Level
 Magic Dart               Conj           100%       1d8       1%          1
 Searing Ray              Conj           100%       3d7       1%          2
 Conjure Flame            Conj/Fire      44%        6-21      1%          3
 Summon Guardian Golem    Hex/Summ       58%        N/A       1%          3
 Apportation              Tloc           32%        N/A       3%          1
 Summon Small Mammal      Summ           64%        N/A       3%          1
 Sticky Flame             Conj/Fire      44%        2d6       4%          4
 Call Canine Familiar     Summ           16%        N/A       10%         3
 Gell's Gravitas          Tloc           8%         N/A       10%         3
 Ignite Poison            Fire/Tmut/Pois 16%        N/A       10%         3
 Lesser Beckoning         Tloc           8%         N/A       10%         3
 Ozocubu's Armour         Ice            16%        N/A       10%         3
 Teleport Other           Tloc           16%        N/A       10%         3
 Summon Ice Beast         Ice/Summ       16%        N/A       32%         4
 Metabolic Englaciation   Hex/Ice        29%        N/A       3%          5
 Summon Mana Viper        Hex/Summ       58%        N/A       3%          5
 Lightning Bolt           Conj/Air       22%        1d37      12%         5
 Alistair's Intoxication  Tmut/Pois      10%        N/A       67%         5
 Summon Forest            Summ/Tloc      8%         N/A       67%         5
 Shadow Creatures         Summ           N/A        N/A       99%         6
 Simulacrum               Ice/Necr       8%         N/A       99%         6
 Dragon Form              Tmut           8%         N/A       100%        7
 Ozocubu's Refrigeration  Ice            8%         4d6       100%        7
 Dragon's Call            Summ           8%         N/A       100%        9


Dungeon Overview and Level Annotations

Branches:
Dungeon (1/1)

Altars:
Cheibriados
Dithmenos
Elyvilon
Fedhas
Gozag
Hepliaklqana
Kikubaaqudgha
Makhleb
Nemelex Xobeh
Okawaru
Qazlal
Ru
Sif Muna
Trog
Uskayaw
Vehumet
Wu Jian
Xom
Yredelemnul
Zin
The Shining One
Jiyva
Lugonu

Shops:
D ?(=?([!==(?=*[:[=

Annotations:
D Lom Lobon


Innate Abilities, Weirdness & Mutations

You are very small and have problems with some larger weapons.
You are too small for most types of armour.
You have supernaturally acute eyesight. (SInv)
You cover ground extremely quickly. (Speed+++)


Message History

There is an open door here.
Things that are here:
a +0 short sword; a +0 leather armour Which direction?
You reach down and close the door, pushing everything out of the way.
You reach down and close the door.
You start resting.
HP restored.
This door is marked as excluded!
Open it anyway?
You reach down and open the door.
There is an open door here.
Really fly into a travel-excluded area?
There is an open door here.
You reach down and close the door.
This door is marked as excluded!
Open it anyway?
You reach down and open the door.
There is an open door here.
Press: ? - help, . - travel You can't see that place. [the floor.]
Casting: Invisibility (dangerous; 1% risk of failure)
Confirm with . or Enter, or press ? or * to list all spells.
You can't see any susceptible monsters within range! (Use Z to cast anyway.)
Casting: Invisibility (dangerous; 1% risk of failure)
Confirm with . or Enter, or press ? or * to list all spells.
Your hands begin to glow red.
The hellwing gives a chilling moan.
You hit the shadow dragon but do no damage.
You hit the shadow dragon but do no damage.
The shadow dragon bites you! You partially resist.
You feel drained. The shadow dragon closely misses you.
The shadow dragon claws you.
You hit the shadow dragon but do no damage.
You hit the shadow dragon but do no damage.
The shadow dragon bites you. The shadow dragon closely misses you.
The shadow dragon claws you!
You hit the shadow dragon but do no damage.
You hit the shadow dragon but do no damage.
The shadow dragon breathes negative energy at you.
The bolt of negative energy hits you! You partially resist.
You feel drained.
You die...

###+# #..#.§§§§# #...°#
#.# #..##..§§# #....#
#..###$#..≈###+## #.°..#
##.#A#$#..≈..#.####'#°°..#
.###$#..≈.##§#..§.##°..#
##..$#..≈##.§§§§§§§##..#
+###..≈#...§§§§.§.#..#
#.≈..##..§.§§§...##°#
#.≈..#...@.§§4....#)#
###..#...D.§§.....#.#
#.+..##..^.§^§.^.##○#
#°##+##$$$$$§§$$$#°.#
#°#≈≈≈##$$$$$$$$##°.#
#°#≈≈≈≈##)!(?=[##...#
°°#≈≈≈≈≈########....#
####≈≈≈≈#≈≈≈≈≈#☼.○°.#
#..#'≈≈≈'≈≈.≈≈'°....#


You could see a shadow dragon (catching breath).

Vanquished Creatures
  the Lernaean hydra (D)
  A mummy priest (D)
  A hydra (D)
  2 centaur warriors (D)
  Sonja (D)
  A lindwurm (D)
  A deep troll (D)
  2 oklob plants (D)
  A merfolk siren (D)
  A gargoyle (D)
  2 kobold demonologists (D)
  7 unseen horrors (D)
  4 demonic crawlers (D)
  2 hornets (D)
  A slime creature (D)
  2 redbacks (D)
  A yak (D)
  Sigmund (D)
  13 hogs (D)
  3 floating eyes (D)
  An ogre (D)
  7 necrophages (D)
  8 jellies (D)
  Ijyb (D)
  A ballistomycete spore (D)
66 creatures vanquished.

Vanquished Creatures (others)
  A deep elf master archer (D)
  A deep elf annihilator (D)
  A merfolk siren (D)
  A gargoyle (D)
  3 hornets (D)
  A ballistomycete spore (D)
  6 fulminant prisms (D)
14 creatures vanquished.

Grand Total: 80 creatures vanquished

Notes
Turn   | Place    | Note
-------+----------+-------------------------------------------
     0 | D        | Karpo the Spriggan Enchanter began the quest for the Orb.
     0 | D        | Reached XP level 1. HP: 9/9 MP: 5/5
     2 | D        | Noticed Ijyb
    10 | D        | Killed Ijyb
    11 | D        | Reached skill level 10 in Stealth
    11 | D        | Reached XP level 2. HP: 13/13 MP: 6/6
    65 | D        | Learned a level 2 spell: Ensorcelled Hibernation
    65 | D        | Noticed an ogre
    68 | D        | Killed an ogre
    69 | D        | Reached skill level 14 in Stealth
    69 | D        | Reached XP level 3. HP: 16/16 MP: 8/8
    69 | D        | Reached XP level 4. HP: 21/21 MP: 9/9
    73 | D        | Learned a level 3 spell: Confusing Touch
    81 | D        | Noticed Sigmund
    84 | D        | Killed Sigmund
    85 | D        | Reached skill level 17 in Stealth
    85 | D        | Reached XP level 5. HP: 24/24 MP: 10/10
    97 | D        | Found a shimmering blue altar of Sif Muna.
    98 | D        | Found an ornate altar of the Wu Jian Council.
    99 | D        | Found a radiant altar of Vehumet.
   103 | D        | Became a worshipper of Sif Muna the Loreminder
   106 | D        | Reached skill level 18 in Stealth
   106 | D        | Reached XP level 6. HP: 28/28 MP: 11/11
   138 | D        | Found Xuriw's Antique Weapon Emporium.
   138 | D        | Found an ancient bone altar of Kikubaaqudgha.
   138 | D        | Found a hazy altar of Hepliaklqana.
   138 | D        | Found a stormy altar of Qazlal.
   138 | D        | Found a hide-covered altar of Uskayaw.
   138 | D        | Found a blossoming altar of Fedhas.
   138 | D        | Found a bloodstained altar of Trog.
   138 | D        | Found an iron altar of Okawaru.
   138 | D        | Found a basalt altar of Yredelemnul.
   138 | D        | Found a glowing golden altar of the Shining One.
   138 | D        | Found a snail-covered altar of Cheibriados.
   138 | D        | Found a sacrificial altar of Ru.
   138 | D        | Found a glowing silver altar of Zin.
   138 | D        | Found a shadowy altar of Dithmenos.
   138 | D        | Found a white marble altar of Elyvilon.
   138 | D        | Noticed a yak
   139 | D        | Found an opulent altar of Gozag.
   140 | D        | Killed a yak
   141 | D        | Reached skill level 20 in Stealth
   145 | D        | Learned a level 3 spell: Dazzling Flash
   145 | D        | Found a sparkling altar of Nemelex Xobeh.
   155 | D        | Noticed Sonja
   159 | D        | Killed Sonja
   159 | D        | Reached * piety under Sif Muna
   160 | D        | Reached skill level 23 in Stealth
   160 | D        | Reached XP level 7. HP: 32/32 MP: 12/12
   160 | D        | Reached XP level 8. HP: 36/36 MP: 13/13
   166 | D        | Learned a level 3 spell: Tukima's Dance
   326 | D        | Found Ynomoshe's Magic Scroll Boutique.
   346 | D        | Noticed a deep troll
   363 | D        | Killed a deep troll
   364 | D        | Reached skill level 25 in Stealth
   602 | D        | Found Etwas's Armour Emporium.
   634 | D        | Found a viscous altar of Jiyva.
   634 | D        | Found a corrupted altar of Lugonu.
   634 | D        | Noticed a slime creature
   635 | D        | Found a burning altar of Makhleb.
   635 | D        | Found a shimmering altar of Xom.
   637 | D        | Killed a slime creature
   650 | D        | Noticed a kobold demonologist
   651 | D        | Noticed a kobold demonologist
   656 | D        | Reached ** piety under Sif Muna
   657 | D        | Reached skill level 26 in Stealth
   658 | D        | Killed a kobold demonologist
   659 | D        | Reached XP level 9. HP: 39/39 MP: 7/14
   659 | D        | Killed a kobold demonologist
   660 | D        | Reached skill level 27 in Stealth
   733 | D        | Noticed a centaur warrior
   733 | D        | Noticed a centaur warrior
   735 | D        | Killed a centaur warrior
   736 | D        | Killed a centaur warrior
   736 | D        | Reached *** piety under Sif Muna
   757 | D        | Noticed an oklob plant
   766 | D        | Killed an oklob plant
   767 | D        | Reached XP level 10. HP: 44/44 MP: 11/15
   802 | D        | Reached **** piety under Sif Muna
   803 | D        | Reached skill level 5 in Dodging
   976 | D        | Reached ***** piety under Sif Muna
   976 | D        | Received a gift from Sif Muna
   977 | D        | Got Sif Muna's Papyrus of Supportive Confrontation {god
                  | gift}
   989 | D        | Reached skill level 5 in Hexes
  1106 | D        | Found the +4 moon troll leather armour {Spirit, Regen++
                  | MP+5}
  1110 | D        | Reached skill level 5 in Spellcasting
  1153 | D        | Received a gift from Sif Muna
  1223 | D        | Killed a gargoyle
  1232 | D        | Learned a level 6 spell: Invisibility
  1296 | D        | Found Esevve's Magic Scroll Shoppe.
  1296 | D        | Found Ryvi's Jewellery Shop.
  1296 | D        | Found Ufadgh's Antique Weapon Boutique.
  1298 | D        | Found Zepabe's Antique Armour Emporium.
  1298 | D        | Found Hylal's Distillery.
  1298 | D        | Found Iczezouv's Jewellery Shoppe.
  1298 | D        | Found Qerghaija's Jewellery Boutique.
  1298 | D        | Found Sanem's Antique Weapon Emporium.
  1298 | D        | Found Utrah's Magic Scroll Shop.
  1298 | D        | Found Jiewenal's Jewellery Shoppe.
  1301 | D        | Found Tez Bun's General Store.
  1302 | D        | Found Kisecry's Book Emporium.
  1302 | D        | Found Qugg's Armour Boutique.
  1303 | D        | Found Ommezxaz's Jewellery Emporium.
  1377 | D        | Bought a scroll of holy word for 97 gold pieces
  1421 | D        | Bought a scroll of holy word for 105 gold pieces
  1479 | D        | Noticed a gargoyle
  1588 | D        | Learned a level 3 spell: Stone Arrow
  1634 | D        | Killed a gargoyle
  1634 | D        | Received a gift from Sif Muna
  1635 | D        | Reached skill level 1 in Conjurations
  1981 | D        | Noticed a lindwurm
  1983 | D        | Killed a lindwurm
  2002 | D        | Reached XP level 11. HP: 47/47 MP: 23/25
  2006 | D        | Reached ****** piety under Sif Muna
  2006 | D        | Received a gift from Sif Muna
  2017 | D        | Reached skill level 10 in Hexes
  2022 | D        | Reached skill level 10 in Spellcasting
  2033 | D        | Received a gift from Sif Muna
  2082 | D        | Learned a level 4 spell: Cause Fear
  2167 | D        | Bought the ring "Roatidgho" {+Blink Fly rC+} for 500 gold
                  | pieces
  2229 | D        | Noticed a 12-headed hydra
  2231 | D        | Killed a 12-headed hydra
  2232 | D        | Reached skill level 5 in Conjurations
  2472 | D        | Bought the ring "Xiferchuh" {rPois rN+ Int+7} for 596 gold
                  | pieces
  2479 | D        | Bought a book of Conjurations for 260 gold pieces
  2484 | D        | Learned a level 4 spell: Fulminant Prism
  2557 | D        | Noticed a daeva
  2669 | D        | Received a gift from Sif Muna
  2703 | D        | Noticed a shadow dragon
  2705 | D        | Noticed a golden dragon
  3084 | D        | Noticed a deep elf annihilator
  3298 | D        | Killed a deep elf annihilator
  3316 | D        | Killed a deep elf master archer
  3458 | D        | Noticed the 27-headed Lernaean hydra
  3620 | D        | Noticed a mummy priest
  3629 | D        | Killed the 27-headed Lernaean hydra
  3630 | D        | Reached skill level 15 in Hexes
  3630 | D        | Reached XP level 12. HP: 43/51 MP: 21/28
  3820 | D        | Noticed a jiangshi
  4111 | D        | Killed a mummy priest
  4373 | D        | Found the brooch of Shielding {Spirit SH+8}
  4404 | D        | Noticed Lom Lobon
  5654 | D        | Killed from afar by a shadow dragon

Illustrated notes

Levels and vault maps discovered:
D:        dungeon_sprint_1 [red_sonja_temple_1, red_sonja_temple_small_1]

Skill      XL: |  1  2  3  4  5  6  7  8  9 10 11 |
---------------+----------------------------------+-----
Stealth        | 10 14 17 18 23 26 27 | 27.0
Short Blades   | 12 13 | 13.0
Dodging        | 8 |  8.0
Spellcasting   | 9 11 | 11.1
Hexes          | 9 15 | 15.9
Conjurations   | 3 9 |  9.8

Action                   |  1- 3 |  4- 6 |  7- 9 | 10-12 || total
-------------------------+-------+-------+-------+-------++-------
Melee: Dagger            |     7 |     4 |    17 |   150 ||   178
 Cast: Ensorcelled Hiber |       |       |     7 |    22 ||    29
       Confusing Touch   |       |       |     1 |    11 ||    12
       Invisibility      |       |       |       |     6 ||     6
       Tukima's Dance    |       |       |       |     2 ||     2
       Fulminant Prism   |       |       |       |     6 ||     6
       Stone Arrow       |       |       |       |     1 ||     1
Evoke: Phial of floods   |       |       |       |     2 ||     2
  Use: Potion            |     1 |       |       |     1 ||     2
       Scroll            |       |       |       |     3 ||     3
 Stab: Sleeping          |     2 |     4 |     9 |    29 ||    44
       Confused          |       |       |     2 |     6 ||     8
       Invisible         |       |       |       |     9 ||     9
       Distracted        |       |       |       |     1 ||     1
Armor: Robe              |       |       |     2 |     5 ||     7
       Troll leather arm |       |       |       |    53 ||    53
Dodge: Dodged            |     4 |       |     5 |   120 ||   129
